[ AOE2 MATCH · #506319577 ]
UnrankedBohemians vs Shu
Player's team · LOSS
Rival team · WIN
[ REPLAY ANALYSIS · EXTRACTED FROM THE RECORDED GAME ]
Feudal
11:39
Castle
21:53
Imperial
33:14
| APM avg | 68.1 |
| APM peak | 138 |
| eAPM avg | 28.1 |
| Villagers / military | 58 / 23 |
Focus
⚔️ 29.4% · 🌾 70.6%
Mangonel ×7 · Hussite Wagon ×6 · Skirmisher ×5 · Militia ×3 · Battering Ram ×1 · Trebuchet (Packed) ×1
Feudal
11:36
Castle
22:14
Imperial
35:18
| APM avg | 49.2 |
| APM peak | 96 |
| eAPM avg | 21.9 |
| Villagers / military | 81 / 46 |
Focus
⚔️ 51.0% · 🌾 49.0%
Archer ×32 · Militia ×7 · Mangonel ×7
Match map
Initial resources + every placement click. Lines = walls · curves = elevation contours. ◆ gold · ⬟ stone · ● berries · ✦ relic · ◌ wall gap
Your base· Open — unwalled flank
o35.PuLsE's base· Open — unwalled flank
Smoothed initial terrain · ◌ = detected wall gap · hover for details
Inputs per minute
— Gil-galad - - o35.PuLsE
Build order — Gil-galad
First 150 of 164 actions detected
| 0:00 | Create | Villager (Male) |
| 0:00 | Create | Villager (Male) |
| 0:02 | Build | House |
| 0:03 | Build | House |
| 0:11 | Create | Villager (Male) |
| 0:11 | Create | Villager (Male) |
| 0:11 | Create | Villager (Male) |
| 1:26 | Create | Villager (Male) |
| 1:45 | Build | Lumber Camp |
| 1:59 | Create | Villager (Male) |
| 2:21 | Create | Villager (Male) |
| 2:53 | Create | Villager (Male) |
| 3:11 | Create | Villager (Male) |
| 3:11 | Create | Villager (Male) |
| 3:40 | Create | Villager (Male) |
| 3:51 | Build | House |
| 4:09 | Create | Villager (Male) |
| 4:27 | Build | Barracks |
| 4:33 | Create | Villager (Male) |
| 4:50 | Build | House |
| 4:55 | Create | Villager (Male) |
| 5:22 | Create | Militia |
| 5:26 | Create | Villager (Male) |
| 5:27 | Create | Villager (Male) |
| 5:43 | Create | Militia |
| 5:46 | Create | Villager (Male) |
| 5:47 | Create | Villager (Male) |
| 6:06 | Create | Militia |
| 6:10 | Build | Mill |
| 6:15 | Create | Villager (Male) |
| 6:39 | Build | House |
| 6:40 | Build | Palisade Wall |
| 6:42 | Create | Villager (Male) |
| 7:04 | Create | Villager (Male) |
| 7:09 | Build | Palisade Wall |
| 7:17 | Create | Villager (Male) |
| 7:51 | Build | Farm |
| 7:51 | Create | Villager (Male) |
| 8:25 | Research | Loom |
| 8:39 | Build | Palisade Wall |
| 8:45 | Build | Mining Camp |
| 8:54 | Create | Villager (Male) |
| 9:13 | Build | Farm |
| 9:29 | Research | Feudal Age |
| 9:34 | Build | Palisade Wall |
| 9:35 | Build | Palisade Wall |
| 9:37 | Build | Palisade Wall |
| 9:39 | Build | Palisade Wall |
| 9:42 | Build | Palisade Wall |
| 9:43 | Build | Palisade Wall |
| 9:50 | Build | Palisade Wall |
| 9:51 | Build | Palisade Wall |
| 10:26 | Create | Villager (Male) |
| 10:35 | Build | Lumber Camp |
| 10:45 | Build | Palisade Wall |
| 11:39 | Age | Feudal Age |
| 11:40 | Build | Archery Range |
| 11:45 | Research | Double-Bit Axe |
| 11:46 | Research | Horse Collar |
| 12:00 | Create | Villager (Male) |
| 12:02 | Build | Farm |
| 12:39 | Create | Villager (Male) |
| 12:41 | Create | Skirmisher |
| 12:48 | Build | Mining Camp |
| 13:00 | Build | House |
| 13:05 | Build | Watch Tower |
| 13:18 | Create | Villager (Male) |
| 13:23 | Build | House |
| 13:28 | Build | Palisade Wall |
| 13:32 | Build | Palisade Wall |
| 13:33 | Create | Villager (Male) |
| 13:37 | Build | Farm |
| 13:41 | Build | Farm |
| 13:57 | Build | Farm |
| 14:01 | Build | Farm |
| 14:05 | Create | Villager (Male) |
| 14:13 | Build | Farm |
| 14:16 | Build | Market |
| 14:21 | Create | Villager (Male) |
| 14:24 | Build | Farm |
| 14:33 | Build | Farm |
| 14:56 | Create | Skirmisher |
| 14:58 | Build | House |
| 15:01 | Build | House |
| 15:01 | Create | Villager (Male) |
| 15:01 | Create | Villager (Male) |
| 15:08 | Build | House |
| 15:10 | Build | Blacksmith |
| 15:19 | Create | Villager (Male) |
| 15:32 | Create | Villager (Male) |
| 15:35 | Build | Farm |
| 16:03 | Build | Watch Tower |
| 16:23 | Create | Villager (Male) |
| 16:27 | Build | Farm |
| 16:53 | Create | Villager (Male) |
| 17:01 | Build | Watch Tower |
| 17:19 | Create | Villager (Male) |
| 17:34 | Create | Villager (Male) |
| 17:37 | Build | Mill |
| 17:40 | Build | Farm |
| 17:43 | Build | Farm |
| 17:52 | Create | Villager (Male) |
| 17:57 | Build | Farm |
| 17:59 | Build | Farm |
| 18:01 | Build | Farm |
| 18:30 | Build | Lumber Camp |
| 18:54 | Build | Farm |
| 19:13 | Research | Castle Age |
| 19:13 | Research | Castle Age |
| 19:53 | Research | Fletching |
| 20:00 | Build | Farm |
| 20:27 | Create | Skirmisher |
| 20:28 | Research | Padded Archer Armor |
| 21:13 | Create | Villager (Male) |
| 21:51 | Create | Skirmisher |
| 21:51 | Create | Skirmisher |
| 21:53 | Age | Castle Age |
| 21:57 | Build | Siege Workshop |
| 22:15 | Research | Bodkin Arrow |
| 22:40 | Build | Castle |
| 23:09 | Create | Battering Ram |
| 23:26 | Create | Villager (Male) |
| 23:42 | Create | Villager (Male) |
| 23:46 | Create | Mangonel |
| 23:49 | Create | Hussite Wagon |
| 24:03 | Create | Hussite Wagon |
| 24:04 | Create | Villager (Male) |
| 24:10 | Create | Villager (Male) |
| 24:20 | Research | Bow Saw |
| 24:20 | Create | Villager (Male) |
| 25:05 | Create | Villager (Male) |
| 25:10 | Create | Mangonel |
| 25:23 | Create | Villager (Male) |
| 25:53 | Create | Mangonel |
| 26:34 | Create | Villager (Male) |
| 26:53 | Create | Villager (Male) |
| 27:04 | Create | Mangonel |
| 27:17 | Build | Mining Camp |
| 27:22 | Build | Outpost |
| 27:26 | Create | Villager (Male) |
| 27:57 | Create | Villager (Male) |
| 28:07 | Create | Villager (Male) |
| 28:29 | Create | Mangonel |
| 28:42 | Create | Villager (Male) |
| 28:43 | Build | Farm |
| 28:46 | Build | Farm |
| 29:39 | Build | University |
| 29:53 | Build | Farm |
| 29:55 | Build | Farm |
| 30:04 | Research | Imperial Age |
Build order — o35.PuLsE
First 150 of 255 actions detected
| 0:02 | Create | Villager (Male) |
| 0:02 | Create | Villager (Male) |
| 0:02 | Create | Villager (Male) |
| 0:03 | Build | House |
| 0:04 | Build | House |
| 0:05 | Create | Villager (Male) |
| 1:33 | Create | Villager (Male) |
| 1:45 | Build | Lumber Camp |
| 1:57 | Create | Villager (Male) |
| 2:13 | Create | Villager (Male) |
| 2:47 | Create | Villager (Male) |
| 2:47 | Create | Villager (Male) |
| 3:10 | Create | Villager (Male) |
| 3:10 | Create | Villager (Male) |
| 3:32 | Create | Villager (Male) |
| 3:32 | Create | Villager (Male) |
| 3:54 | Create | Villager (Male) |
| 4:15 | Build | House |
| 4:23 | Create | Villager (Male) |
| 4:32 | Create | Villager (Male) |
| 4:40 | Research | Loom |
| 5:07 | Create | Villager (Male) |
| 5:07 | Create | Villager (Male) |
| 5:07 | Create | Villager (Male) |
| 5:47 | Build | Barracks |
| 6:16 | Create | Villager (Male) |
| 6:25 | Build | House |
| 6:42 | Create | Militia |
| 6:42 | Create | Militia |
| 6:42 | Create | Militia |
| 6:45 | Create | Villager (Male) |
| 6:57 | Build | House |
| 7:01 | Build | Palisade Wall |
| 7:02 | Build | Palisade Wall |
| 7:03 | Build | Palisade Wall |
| 7:11 | Create | Villager (Male) |
| 7:43 | Create | Militia |
| 7:44 | Create | Villager (Male) |
| 7:58 | Create | Militia |
| 8:14 | Create | Villager (Male) |
| 8:25 | Build | Mining Camp |
| 8:41 | Build | Mill |
| 9:26 | Research | Feudal Age |
| 9:44 | Build | Farm |
| 9:46 | Build | Farm |
| 9:49 | Build | Farm |
| 10:11 | Create | Militia |
| 10:41 | Create | Militia |
| 11:06 | Create | Villager (Male) |
| 11:18 | Build | Farm |
| 11:36 | Age | Feudal Age |
| 11:40 | Build | Watch Tower |
| 11:42 | Research | Man-at-Arms (upgrade) |
| 11:44 | Create | Villager (Male) |
| 11:51 | Build | Archery Range |
| 12:40 | Build | House |
| 12:41 | Build | Palisade Wall |
| 12:42 | Build | Palisade Wall |
| 12:42 | Create | Villager (Male) |
| 12:44 | Create | Archer |
| 12:44 | Create | Archer |
| 12:44 | Create | Archer |
| 12:47 | Build | House |
| 12:54 | Build | Palisade Wall |
| 13:05 | Build | Mining Camp |
| 13:06 | Create | Villager (Male) |
| 13:20 | Create | Villager (Male) |
| 13:20 | Create | Archer |
| 13:30 | Build | Palisade Wall |
| 13:31 | Build | Palisade Wall |
| 13:35 | Create | Villager (Male) |
| 13:51 | Create | Archer |
| 13:54 | Build | House |
| 13:55 | Build | House |
| 14:18 | Build | Farm |
| 14:20 | Research | Double-Bit Axe |
| 14:27 | Build | Farm |
| 14:28 | Create | Villager (Male) |
| 14:32 | Build | Farm |
| 14:32 | Create | Archer |
| 14:47 | Create | Villager (Male) |
| 14:56 | Build | Blacksmith |
| 15:13 | Build | Outpost |
| 15:14 | Create | Villager (Male) |
| 15:15 | Create | Villager (Male) |
| 15:19 | Build | House |
| 15:20 | Build | House |
| 15:21 | Build | House |
| 15:42 | Build | Watch Tower |
| 15:43 | Research | Fletching |
| 15:47 | Create | Villager (Male) |
| 16:09 | Create | Villager (Male) |
| 16:17 | Build | Farm |
| 16:18 | Build | Farm |
| 17:03 | Build | House |
| 17:15 | Create | Villager (Male) |
| 17:18 | Create | Archer |
| 17:18 | Create | Archer |
| 17:19 | Create | Archer |
| 17:25 | Build | House |
| 17:26 | Build | House |
| 17:27 | Build | Palisade Wall |
| 17:29 | Build | Palisade Wall |
| 17:44 | Build | House |
| 17:46 | Create | Villager (Male) |
| 17:46 | Create | Villager (Male) |
| 17:55 | Build | Lumber Camp |
| 18:44 | Create | Villager (Male) |
| 18:45 | Create | Villager (Male) |
| 18:46 | Build | Farm |
| 19:09 | Build | Watch Tower |
| 19:22 | Create | Villager (Male) |
| 19:25 | Build | Lumber Camp |
| 19:34 | Research | Castle Age |
| 19:48 | Build | House |
| 19:49 | Build | House |
| 19:56 | Create | Archer |
| 20:11 | Build | Farm |
| 20:13 | Research | Gold Mining |
| 20:30 | Build | Farm |
| 20:32 | Research | Horse Collar |
| 20:50 | Build | Palisade Wall |
| 21:05 | Build | Watch Tower |
| 21:12 | Build | Farm |
| 21:28 | Create | Archer |
| 21:28 | Create | Archer |
| 21:28 | Create | Archer |
| 21:41 | Research | Padded Archer Armor |
| 22:01 | Create | Archer |
| 22:14 | Age | Castle Age |
| 22:17 | Build | Siege Workshop |
| 22:19 | Research | Crossbowman (upgrade) |
| 22:21 | Research | Bodkin Arrow |
| 23:22 | Create | Mangonel |
| 23:22 | Create | Mangonel |
| 23:28 | Build | House |
| 23:28 | Build | House |
| 23:30 | Create | Villager (Male) |
| 23:31 | Create | Villager (Male) |
| 23:31 | Create | Villager (Male) |
| 23:35 | Build | Farm |
| 23:47 | Build | Watch Tower |
| 23:53 | Build | Farm |
| 24:08 | Research | Bow Saw |
| 24:13 | Build | Town Center |
| 24:18 | Build | House |
| 24:24 | Build | House |
| 24:48 | Create | Archer |
| 24:48 | Create | Archer |
| 24:49 | Create | Mangonel |
Match timeline
| 4:27 | Gil-galad · first_building Barracks |
| 5:47 | o35.PuLsE · first_building Barracks |
| 6:40 | Gil-galad · wall_segment Palisade Wall x5 |
| 7:01 | o35.PuLsE · wall_segment Palisade Wall x1 |
| 7:02 | o35.PuLsE · wall_segment Palisade Wall x1 |
| 7:03 | o35.PuLsE · wall_segment Palisade Wall x1 |
| 7:09 | Gil-galad · wall_segment Palisade Wall x2 |
| 8:39 | Gil-galad · wall_segment Palisade Wall x11 |
| 9:34 | Gil-galad · wall_segment Palisade Wall x1 |
| 9:35 | Gil-galad · wall_segment Palisade Wall x1 |
| 9:37 | Gil-galad · wall_segment Palisade Wall x1 |
| 9:39 | Gil-galad · wall_segment Palisade Wall x1 |
| 9:42 | Gil-galad · wall_segment Palisade Wall x1 |
| 9:43 | Gil-galad · wall_segment Palisade Wall x1 |
| 9:50 | Gil-galad · wall_segment Palisade Wall x8 |
| 9:51 | Gil-galad · wall_segment Palisade Wall x4 |
| 10:45 | Gil-galad · wall_segment Palisade Wall x1 |
| 11:36 | o35.PuLsE · age_up feudal |
| 11:39 | Gil-galad · age_up feudal |
| 11:40 | Gil-galad · first_building Archery Range |
| 11:51 | o35.PuLsE · first_building Archery Range |
| 12:41 | o35.PuLsE · wall_segment Palisade Wall x1 |
| 12:42 | o35.PuLsE · wall_segment Palisade Wall x2 |
| 12:54 | o35.PuLsE · wall_segment Palisade Wall x1 |
| 13:28 | Gil-galad · wall_segment Palisade Wall x1 |
| 13:30 | o35.PuLsE · wall_segment Palisade Wall x1 |
| 13:31 | o35.PuLsE · wall_segment Palisade Wall x1 |
| 13:32 | Gil-galad · wall_segment Palisade Wall x1 |
| 17:27 | o35.PuLsE · wall_segment Palisade Wall x1 |
| 17:29 | o35.PuLsE · wall_segment Palisade Wall x3 |
| 18:48 | Gil-galad · first_market_sell 500 stone |
| 18:50 | Gil-galad · first_market_buy 100 food |
| 20:50 | o35.PuLsE · wall_segment Palisade Wall x1 |
| 21:53 | Gil-galad · age_up castle |
| 21:57 | Gil-galad · first_building Siege Workshop |
| 22:14 | o35.PuLsE · age_up castle |
| 22:17 | o35.PuLsE · first_building Siege Workshop |
| 22:40 | Gil-galad · first_building Castle |
| 29:09 | o35.PuLsE · wall_segment Palisade Wall x5 |
| 29:10 | o35.PuLsE · wall_segment Palisade Wall x1 |
| 30:33 | o35.PuLsE · wall_segment Palisade Wall x4 |
| 31:53 | o35.PuLsE · first_market_sell 500 wood |
| 31:54 | o35.PuLsE · first_market_buy 100 food |
| 33:14 | Gil-galad · age_up imperial |
| 34:50 | o35.PuLsE · wall_segment Stone Wall x1 |
| 35:18 | o35.PuLsE · age_up imperial |
| 35:28 | Gil-galad · resign |
[ AI ANALYSIS · 1 CREDIT ]
What really happened in this match?
Wolo.gg analyzes every decision: build order, eco, micro, common mistakes by bracket. Personalized analysis on WhatsApp or Discord in 30 seconds.
Civ guide
Bohemians
Perfil
Gil-galad